 Dungeon Crawl Stone Soup version 0.29.1-2-gbd0b4ee654 (webtiles) character file.

Game seed: 12313048851213656457

1017 DemonSlayer the Magician (level 8, -3/55 (57) HPs)
             Began as a Demonspawn Venom Mage on Nov 15, 2022.
             Slain by a wight
             ... wielding a +5 morningstar
              (19 damage)
             ... on level 5 of the Dungeon.
             The game lasted 00:18:41 (8296 turns).

DemonSlayer the Magician (Demonspawn Venom Mage)    Turns: 8296, Time: 00:18:42

HP:   -3/55 (57)    AC:  4    Str: 22    XL:     8   Next: 1%
MP:   12/14         EV: 13    Int: 17    God:
Gold: 209           SH:  0    Dex: 14    Spells: 9/15 levels left

rFire   . . .      SeeInvis .   m - +2 whip (elec)
rCold   . . .      Faith    .   (no shield)
rNeg    . . .      Spirit   .   a - +0 robe
rPois   .          Reflect  .   (no helmet)
rElec   .          Harm     .   (no cloak)
rCorr   .          Rampage  .   e - +1 pair of gloves
Will    .....                   (no boots)
Stlth   ++........              w - amulet of magic regeneration
HPRegen 0.18/turn               g - +6 ring of strength
MPRegen 0.54/turn               b - +6 ring of strength

@: mighty, about to teleport, lightly drained
A: hooves 1, demonic guardian 1, powered by pain 1
a: no special abilities


You were on level 5 of the Dungeon.
You visited 1 branch of the dungeon, and saw 6 of its levels.
You also visited: Ossuary.

You collected 209 gold pieces.

Inventory:

Hand Weapons
 m - a +2 whip of electrocution (weapon)
 p - a +0 dagger of protection
Missiles
 h - 2 javelins
 s - 10 poisoned darts
Armour
 a - a +0 robe (worn)
 e - a +1 pair of gloves (worn)
Jewellery
 b - a +6 ring of strength (right hand)
 g - a +6 ring of strength (left hand)
 w - an amulet of magic regeneration (around neck)
 y - a ring of willpower
Wands
 k - a wand of charming (4)
 x - a wand of digging (1)
Scrolls
 c - 2 scrolls of immolation
 d - a scroll of torment {unknown}
 i - 4 scrolls of teleportation
 j - a scroll of amnesia {unknown}
 l - a scroll of vulnerability {unknown}
 n - a scroll of fog {unknown}
 o - a scroll of summoning {unknown}
 q - 2 scrolls of enchant weapon {unknown}
 r - a scroll of poison {unknown}
 t - a scroll of noise {unknown}
 u - 3 scrolls of silence {unknown}
Potions
 f - 3 potions of brilliance
 v - a potion of degeneration {unknown}
 z - a potion of curing


   Skills:
 + Level 2.6 Fighting
 + Level 2.6 Short Blades
 + Level 0.6 Maces & Flails
 + Level 0.4 Throwing
 + Level 3.5 Dodging
 + Level 3.1 Stealth
 + Level 4.4 Spellcasting
 + Level 2.8 Conjurations
 + Level 2.4 Transmutations
 + Level 4.1 Poison Magic


You had 9 spell levels left.
You knew the following spells:

 Your Spells              Type           Power      Damage    Failure   Level
a - Sting                 Tmut/Pois      56%        1d5       4%          1
b - Mephitic Cloud        Conj/Pois/Air  11%        N/A       19%         3
c - Searing Ray           Conj           26%        2d5       7%          2

Your spell library contained the following spells:

 Spells                   Type           Power      Damage    Failure   Level
 Magic Dart               Conj           52%        1d5       4%          1
 Poisonous Vapours        Pois/Air       20%        N/A       10%         2
 Apportation              Tloc           6%         N/A       16%         1
 Necrotise                Necr           12%        1d4       16%         1
 Summon Small Mammal      Summ           12%        N/A       16%         1
 Olgreb's Toxic Radiance  Pois           17%        N/A       28%         4
 Fulminant Prism          Conj/Hex       4%         3d6       63%         4


Dungeon Overview and Level Annotations

Branches:
Dungeon (6/15)            Ossuary (visited)
 Temple: D:4-7

Altars:
Gozag
Uskayaw
Vehumet


Innate Abilities, Weirdness & Mutations

You have large cloven feet.
A weak demonic guardian rushes to your aid.
You sometimes gain a little power by taking damage.


Message History

Found an escape hatch in the ceiling.
y - a ring of willpower A wight comes into view.
It is wielding a +3 flail.
A wight is nearby!
A wight is nearby!
Okay, then. 3 wights come into view.
You can't see any susceptible monsters within range! (Use Z to cast anyway.)
A wight is nearby!
There is an escape hatch in the ceiling here.
The searing ray hits the wight.
The wight is moderately damaged. (Press . to maintain the ray.)
The searing ray misses the wight.
The searing ray hits the wight but does no damage.
The wight is moderately damaged.
The searing ray hits the wight.
The wight is moderately damaged.
You finish channelling your searing ray.
The wight hits you with a +3 flail.
The searing ray hits the wight.
The wight is severely damaged. (Press . to maintain the ray.)
The wight hits you with a +3 flail.
You barely miss the wight. You kick the wight.
The wight is severely damaged.
The wight hits you with a +3 flail!
You focus on the pain.
You feel very mighty all of a sudden.
You feel drained.
The wight hits you with a +5 morningstar!
The wight hits you with a +3 flail!
* * * LOW HITPOINT WARNING * * *
The wight closely misses you. A mysterious force pulls you upwards.
The hatch slams shut behind you.
Found a stone staircase leading down.
Okay, then.
As you read the scroll of teleportation, it crumbles to dust.
You feel strangely unstable. The wight barely misses you.
The wight hits you with a +5 morningstar!!
You die...

### #....#.. #........#
##...### #.......)#
#...>... >.......#
####.#...##
.......###.......##
............###..###
##...........#......
#..z...........####.
###..@........<.......
#......z............####
#.###..............##
#....>.........#####
#...................
#.)...........######
#.#...........#
#..##########..## .=
#....#


You could see 2 wights.

Vanquished Creatures
  An ice beast (D:6)
  An ogre (D:5)
  A kobold brigand (D:4)
  An elf skeleton (D:4)
  4 scorpions
  A centaur zombie (Ossuary)
  3 human zombies
  4 human skeletons (D:4)
  An iguana (D:5)
  2 mummies (Ossuary)
  7 adders
  A white imp (D:5)
  3 ufetubi
  3 adder zombies (Ossuary)
  A worm (D:2)
  4 dart slugs
  5 orcs
  12 ball pythons
  5 endoplasms
  5 giant cockroaches
  4 goblins
  4 hobgoblins
  4 quokkas
  4 bats
  3 frilled lizards (D:1)
  3 goblin zombies (Ossuary)
  8 hobgoblin zombies (Ossuary)
  8 kobolds
  7 kobold zombies (Ossuary)
  13 orc zombies (Ossuary)
  5 rats
128 creatures vanquished.

Vanquished Creatures (collateral kills)
  A rat (D:3)
1 creature vanquished.

Grand Total: 129 creatures vanquished

Notes
Turn   | Place    | Note
-------+----------+-------------------------------------------
     0 | D:1      | DemonSlayer the Demonspawn Venom Mage began the quest for
                  | the Orb.
     0 | D:1      | Reached XP level 1. HP: 13/13 MP: 3/3
   426 | D:1      | Gained mutation: A weak demonic guardian rushes to your
                  | aid. [demonic ancestry]
   426 | D:1      | Reached XP level 2. HP: 16/19 MP: 0/5
   561 | D:1      | Reached skill level 1 in Transmutations
  1272 | D:2      | Reached XP level 3. HP: 18/24 MP: 0/6
  2044 | D:2      | Learned a level 3 spell: Mephitic Cloud
  2047 | D:2      | Learned a level 2 spell: Searing Ray
  2401 | D:3      | Reached XP level 4. HP: 28/31 MP: 5/8
  2716 | D:3      | Found a faded altar of an unknown god.
  3128 | D:4      | Found a sand-covered staircase.
  3164 | D:4      | Reached skill level 1 in Short Blades
  3164 | D:4      | Reached XP level 5. HP: 16/36 MP: 9/9
  3411 | Ossuary  | Entered an ossuary
  5039 | Ossuary  | Reached skill level 1 in Fighting
  5039 | Ossuary  | Reached skill level 1 in Conjurations
  5039 | Ossuary  | Reached XP level 6. HP: 43/43 MP: 1/11
  5994 | D:4      | Found a radiant altar of Vehumet.
  5994 | D:4      | Found a hide-covered altar of Uskayaw.
  6298 | D:4      | Found an opulent altar of Gozag.
  6449 | D:5      | Entered Level 5 of the Dungeon
  6458 | D:5      | Gained mutation: You have large cloven feet. [demonic
                  | ancestry]
  6458 | D:5      | Reached XP level 7. HP: 27/49 MP: 9/12
  7583 | D:5      | Noticed a troll
  7583 | D:5      | Noticed a vampire
  7857 | D:6      | Gained mutation: You sometimes gain a little power by
                  | taking damage. [demonic ancestry]
  7857 | D:6      | Reached XP level 8. HP: 19/57 MP: 3/14
  8296 | D:5      | Slain by a wight

Illustrated notes

Levels and vault maps discovered:
D:1:      beargit_arrival_diablo_church, layout_basic, minmay_misc_feat_cross
D:2:      layout_basic
D:3:      layout_loops_ring, hellmonk_ecumenical_altar_pennies_from_heaven
D:4:      layout_rooms, pdpol_temple_overflow_zin_treasury_gozag_greed,
          nicolae_overflow_two_pavilions, nicolae_ossuary_entry_catacombs
D:5:      layout_rooms, minmay_divided_ellipse
D:6:      layout_cave_pools, minmay_temple_entry_tees,
          biasface_ghost_orc_armoury, abandoned_shop

Skill      XL: |  1  2  3  4  5  6  7 |
---------------+----------------------+-----
Stealth        | 2 3 |  3.1
Transmutations | 1 2 |  2.4
Spellcasting   | 3 4 |  4.4
Short Blades   | 1 2 |  2.6
Dodging        | 2 3 |  3.5
Fighting       | 1 2 |  2.6
Conjurations   | 1 2 |  2.8
Poison Magic   | 4 |  4.1
Maces & Flails | |  0.6
Throwing       | |  0.4

Action                   |  1- 3 |  4- 6 |  7- 9 || total
-------------------------+-------+-------+-------++-------
Melee: Unarmed           |    10 |       |       ||    10
       Dagger            |    29 |   116 |       ||   145
       Punch             |       |     1 |     1 ||     2
       Whip              |       |     4 |    15 ||    19
       Kick              |       |       |     3 ||     3
Throw: Dart              |     4 |     5 |       ||     9
       Javelin           |     4 |     4 |       ||     8
 Cast: Sting             |    75 |    22 |     8 ||   105
       Searing Ray       |       |    44 |    22 ||    66
  Use: Scroll            |     5 |     4 |     2 ||    11
       Potion            |       |    13 |     2 ||    15
 Stab: Sleeping          |     4 |       |       ||     4
Armor: Robe              |    25 |    73 |    14 ||   112
Dodge: Dodged            |    41 |   113 |    44 ||   198
